 Dungeon Crawl Stone Soup version 0.16.1-16-gc44b35d (webtiles) character file.

317 Siriah the Ruffian (level 6, -1/55 HPs)
             Began as a Hill Orc Monk on Apr 16, 2015.
             Was a Believer of Beogh.
             Slain by a worker ant (6 damage)
             ... on level 4 of the Dungeon.
             The game lasted 00:08:06 (2527 turns).

Siriah the Ruffian (Hill Orc Monk)                  Turns: 2527, Time: 00:08:06

Health: -1/55      AC:  6    Str: 20    XL:     6   Next: 44%
Magic:  5/6        EV: 13    Int: 10    God:    Beogh [**....]
Gold:   164        SH:  0    Dex: 14    Spells: 0 memorised, 5 levels left

rFire  . . .     SeeInvis .       - Unarmed
rCold  . . .     Clarity  .     a - +0 robe
rNeg   . . .     SustAb   .     (no shield)
rPois  .         Gourm    .     (no helmet)
rElec  .         Spirit   .     (no cloak)
rCorr  .         Warding  .     p - +0 pair of gloves
rMut   .         Stasis   .     (no boots)
MR     .....                    (no amulet)
Stlth  ++........               (no ring)
                                d - +3 ring of protection

@: mighty, lethally poisoned (-1 -> -3), not resistant to hostile enchantments,
unstealthy
A: no striking features
a: Smiting, Renounce Religion


You were on level 4 of the Dungeon.
You worshipped Beogh.
Beogh was pleased with you.
You were hungry.

You visited 1 branch of the dungeon, and saw 4 of its levels.

You collected 164 gold pieces.

Inventory:

Missiles
 h - 58 bolts
 o - 23 arrows
 q - 3 throwing nets (quivered)
Armour
 a - a +0 robe (worn)
 p - a +0 pair of gloves (worn)
Jewellery
 d - a +3 ring of protection (left hand)
Scrolls
 j - 3 scrolls of identify {unknown}
 k - 2 scrolls of amnesia {unknown}
 l - a scroll of remove curse {unknown}
 m - a scroll of blinking {unknown}
 n - a scroll of recharging {unknown}
 s - a scroll of noise {unknown}
 u - a scroll of enchant weapon {unknown}
 v - a scroll of enchant armour {unknown}
Potions
 t - a potion of flight {unknown}
Comestibles
 b - a meat ration
 f - 7 chunks of flesh
 i - 2 bread rations
 r - 2 slices of pizza


   Skills:
 + Level 4.8 Fighting
 + Level 3.4 Dodging
 + Level 2.7 Stealth
 + Level 6.3 Unarmed Combat


You had 5 spell levels left.
You didn't know any spells.

Dungeon Overview and Level Annotations

Branches:
Dungeon (4/15)
 Temple: D:4-7

Altars:
Ashenzari


Message History

You feel sick.
Found 13 arrows.
You see here 10 stones.
Read which item? (? for menu, Esc to quit)
As you read the scroll labeled MAGOACLOAH, it crumbles to dust.
The scroll dissolves into smoke.
It was a scroll of fog.
The worker ant bites you.
* * * LOW HITPOINT WARNING * * *
You are feeling hungry.
You feel sick. The worker ant bites you!
* * * LOW HITPOINT WARNING * * *
You feel sick.
You feel sick.
You feel sick. The worker ant bites you.
* * * LOW HITPOINT WARNING * * *
Drink which item? (? for menu, Esc to quit)
It was a potion of might.
You feel very mighty all of a sudden. The worker ant bites you.
You die...

#........#
##..(.........>#
#...######...###...####.##
#.##.§§§§..........# #...
#.##.#§§§§........## #.##
#.##.#§##...#......## #.#
#.##.#§###..........# #.#
#.##.#§# #.(#.......# #†#
#g##.#.###ag#....(..# #.#
#.##.#.).@.........## #.#
#.##.#####..###...## #.#
#a##.# #..###..######.#
#.##.# #..............#
#.##.#####.......########
#...g..a...####.##
####>#####.# #.# #.#
#.####.# ... #......#


You could see a worker ant and a goblin.

Vanquished Creatures
  An ogre (D:4)
  A scorpion (D:4)
  Ijyb (D:3)
  4 gnolls (D:3)
  4 adders
  A giant mite (D:1)
  A worm (D:3)
  4 giant geckos
  2 oozes
  2 orcs (D:3)
  A ball python (D:3)
  7 goblins
  7 hobgoblins
  4 jackals
  4 quokkas
  4 bats
  4 giant cockroaches
  A giant gecko skeleton (D:4)
  5 giant newts
  7 kobolds
  A quokka skeleton (D:4)
  6 rats
72 creatures vanquished.

Vanquished Creatures (others)
  A bat (D:3)
1 creature vanquished.

Grand Total: 73 creatures vanquished

Notes
Turn   | Place    | Note
--------------------------------------------------------------
     0 | D:1      | Siriah, the Hill Orc Monk, began the quest for the Orb.
     0 | D:1      | Reached XP level 1. HP: 19/19 MP: 1/1
   210 | D:1      | Reached XP level 2. HP: 20/27 MP: 2/2
   539 | D:1      | Reached skill level 5 in Unarmed Combat
   831 | D:1      | Reached XP level 3. HP: 30/33 MP: 3/3
  1309 | D:2      | Reached XP level 4. HP: 30/40 MP: 4/4
  1334 | D:2      | Found a shattered altar of Ashenzari.
  1788 | D:3      | Became a worshipper of Beogh the Brigand
  1788 | D:3      | Acquired Beogh's first power
  1788 | D:3      | Acquired Beogh's second power
  1876 | D:3      | Noticed Ijyb
  1896 | D:3      | Killed Ijyb
  1901 | D:3      | Reached XP level 5. HP: 21/46 MP: 5/5
  2407 | D:4      | Reached skill level 6 in Unarmed Combat
  2407 | D:4      | Reached XP level 6. HP: 23/53 MP: 6/6
  2425 | D:4      | Noticed an ogre
  2509 | D:4      | Killed an ogre
  2527 | D:4      | Slain by a worker ant

Action                   |  1- 3 |  4- 6 || total
-------------------------+-------+-------++-------
Melee: Unarmed           |   120 |   149 ||   269
Invok: Convert to Beogh  |       |     1 ||     1
       Smiting           |       |     1 ||     1
  Use: Potion            |       |     3 ||     3
       Scroll            |       |     1 ||     1
 Stab: Sleeping          |     2 |     2 ||     4
  Eat: Chunk             |     1 |     4 ||     5
